 Dungeon Crawl Stone Soup version 0.26-a0-708-g17f3b190f9 (webtiles) character file.

Game seed: 3425091174582270108

251 Kinoniko the Grasshopper (level 6, -4/50 HPs)
             Began as a Gnoll Warper on Oct 28, 2020.
             Splashed by Ijyb's acid (13 damage)
             ... on level 3 of the Dungeon.
             The game lasted 00:02:30 (2577 turns).

Kinoniko the Grasshopper (Gnoll Warper)             Turns: 2577, Time: 00:02:31

Health: -4/50      AC:  6    Str: 15    XL:     6   Next: 13%
Magic:  13/13      EV: 14    Int: 15    God:
Gold:   177        SH:  0    Dex: 15    Spells: 13/15 levels left

rFire    . . .     SeeInvis .   f - +1 dagger (venom)
rCold    . . .     Faith    .   (no shield)
rNeg     . . .     Spirit   .   b - +0 leather armour
rPois    .         Reflect  .   (no helmet)
rElec    .         Harm     .   h - +1 cloak {Stlth+}
rCorr    .         Rampage  .   r - +0 pair of gloves
MR       .....                  (no boots)
Stlth    ++........             (no amulet)
HPRegen  0.16/turn              (no ring)
MPRegen  0.13/turn              (no ring)

@: no status effects
A: distributed training, fangs 1, strong nose
a: no special abilities


You were on level 3 of the Dungeon.
You visited 1 branch of the dungeon, and saw 3 of its levels.

You collected 177 gold pieces.

Inventory:

Hand Weapons
 a - a +0 falchion
 f - a +1 dagger of venom (weapon)
Missiles
 e - 5 boomerangs of dispersal (quivered)
Armour
 b - a +0 leather armour (worn)
 h - a +1 cloak of stealth (worn)
 r - a +0 pair of gloves (worn)
Jewellery
 k - an uncursed ring of stealth {unknown}
Wands
 q - a wand of polymorph (8)
Scrolls
 c - a scroll of identify {unknown}
 d - a scroll of blinking
 g - 4 scrolls of remove curse {unknown}
 i - a scroll of fog {unknown}
 m - a scroll of amnesia {unknown}
 n - a scroll of teleportation {unknown}
 p - a scroll of random uselessness {unknown}
Potions
 j - 3 potions of curing {unknown}
 l - 2 potions of degeneration {unknown}
 o - a potion of brilliance {unknown}


   Skills:
 + Level 4.9 Fighting
 + Level 1.8 Short Blades
 + Level 4.9 Long Blades
 + Level 1.8 Axes
 + Level 1.8 Maces & Flails
 + Level 1.8 Polearms
 + Level 1.8 Staves
 + Level 1.8 Slings
 + Level 1.8 Bows
 + Level 1.8 Crossbows
 + Level 3.1 Throwing
 + Level 3.1 Armour
 + Level 4.9 Dodging
 + Level 1.8 Stealth
 + Level 1.8 Shields
 + Level 1.8 Unarmed Combat
 + Level 5.3 Spellcasting
 + Level 1.4 Conjurations
 + Level 1.4 Hexes
 + Level 1.4 Summonings
 + Level 1.4 Necromancy
 + Level 5.6 Translocations
 + Level 1.4 Transmutations
 + Level 1.4 Fire Magic
 + Level 1.4 Ice Magic
 + Level 1.4 Air Magic
 + Level 1.4 Earth Magic
 + Level 1.4 Poison Magic
 + Level 2.0 Invocations
 + Level 1.8 Evocations


You had 13 spell levels left.
You knew the following spells:

 Your Spells              Type           Power        Failure   Level
a - Blink                 Tloc           N/A          3%          2

Your spell library contained the following spells:

 Spells                   Type           Power        Failure   Level
 Gell's Gravitas          Tloc           ###.......   6%          3
 Lesser Beckoning         Tloc           ###.......   6%          3
 Teleport Other           Tloc           ###.....     6%          3
 Passage of Golubria      Tloc           N/A          19%         4


Dungeon Overview and Level Annotations

Branches:
Dungeon (3/15)

Altars:
Nemelex Xobeh
Vehumet

Annotations:
D:3 Ijyb


Innate Abilities, Weirdness & Mutations

Your experience applies equally to all skills.
You have very sharp teeth.
Your uncanny sense of smell can sniff out nearby items.


Message History

The leopard gecko misses you. Ijyb hits you but does no damage.
You hit Ijyb but do no damage.
Ijyb looks as sick as possible!
Ijyb is heavily wounded.
The leopard gecko bites you.
You are too injured to fight recklessly!
You are too injured to fight recklessly!
You are too injured to fight recklessly!
You are too injured to fight recklessly!
You hit Ijyb but do no damage.
Ijyb looks as sick as possible!
You bite Ijyb, but do no damage.
Ijyb is heavily wounded.
Ijyb hits you with a +0 dagger.
The leopard gecko completely misses you.
You hit Ijyb but do no damage.
Ijyb looks as sick as possible!
Ijyb is severely wounded.
The leopard gecko bites you but does no damage.
Ijyb zaps a wand.
The bolt of acid hits you!
* * * LOW HITPOINT WARNING * * *
You are splashed with acid!
You die...

##..).........# ##
#.........##.###..
#........... ....
###.........####.###
#.....(.....##.(...##
#...........#.......#
##...........#.......#.
#................_.....
#.##.........#.@g....#
... #.........#.l....(#
#>............##.....##
#.##..........####.###
#......##..... ...
#..............##..
................ #..
.....####........ ..
.##### ........


You could see Ijyb (extremely poisoned) and a leopard gecko.

Vanquished Creatures
  A sky beast (D:2)
  Natasha (thrice) (D:2)
  2 adders (D:2)
  2 worms
  2 dart slugs (D:1)
  4 leopard geckos
  A ball python (D:1)
  A giant cockroach (D:1)
  8 goblins
  7 hobgoblins
  3 jackals (D:1)
  5 bats
  2 frilled lizards
  4 kobolds
  6 rats
51 creatures vanquished.

Notes
Turn   | Place    | Note
-------+----------+-------------------------------------------
     0 | D:1      | Kinoniko the Gnoll Warper began the quest for the Orb.
     0 | D:1      | Reached XP level 1. HP: 20/20 MP: 6/6
   438 | D:1      | Reached XP level 2. HP: 26/26 MP: 7/7
   457 | D:1      | Learned a level 2 spell: Blink
   633 | D:1      | Reached XP level 3. HP: 31/31 MP: 9/9
   731 | D:1      | Reached skill level 5 in Spellcasting
  1129 | D:2      | Reached skill level 1 in Invocations
  1429 | D:2      | Noticed a sky beast
  1437 | D:2      | Killed a sky beast
  1437 | D:2      | Reached skill level 1 in Short Blades
  1437 | D:2      | Reached skill level 1 in Axes
  1437 | D:2      | Reached skill level 1 in Maces & Flails
  1437 | D:2      | Reached skill level 1 in Polearms
  1437 | D:2      | Reached skill level 1 in Staves
  1437 | D:2      | Reached skill level 1 in Slings
  1437 | D:2      | Reached skill level 1 in Bows
  1437 | D:2      | Reached skill level 1 in Crossbows
  1437 | D:2      | Reached skill level 1 in Stealth
  1437 | D:2      | Reached skill level 1 in Shields
  1437 | D:2      | Reached skill level 1 in Unarmed Combat
  1437 | D:2      | Reached skill level 1 in Conjurations
  1437 | D:2      | Reached skill level 1 in Hexes
  1437 | D:2      | Reached skill level 1 in Summonings
  1437 | D:2      | Reached skill level 1 in Necromancy
  1437 | D:2      | Reached skill level 1 in Transmutations
  1437 | D:2      | Reached skill level 1 in Fire Magic
  1437 | D:2      | Reached skill level 1 in Ice Magic
  1437 | D:2      | Reached skill level 1 in Air Magic
  1437 | D:2      | Reached skill level 1 in Earth Magic
  1437 | D:2      | Reached skill level 1 in Poison Magic
  1437 | D:2      | Reached skill level 1 in Evocations
  1437 | D:2      | Reached XP level 4. HP: 22/38 MP: 11/11
  1437 | D:2      | Reached XP level 5. HP: 25/43 MP: 12/12
  1685 | D:2      | Noticed Natasha
  1698 | D:2      | Killed Natasha
  2034 | D:2      | Noticed Natasha
  2047 | D:2      | Killed Natasha
  2298 | D:2      | Found a sparkling altar of Nemelex Xobeh.
  2300 | D:2      | Noticed Natasha
  2310 | D:2      | Killed Natasha
  2310 | D:2      | Reached XP level 6. HP: 34/50 MP: 13/13
  2562 | D:3      | Found a radiant altar of Vehumet.
  2564 | D:3      | Noticed Ijyb
  2577 | D:3      | Splashed by Ijyb's acid

Illustrated notes

Levels and vault maps discovered:
D:1:      dpeg_chamrin_arrival_tetris, layout_loops_corners, st_stairs_1
D:2:      layout_basic, lemuel_doored_altar, hex_large, uniq_natasha
D:3:      layout_rooms, old_standard_altar, serial_corexii_hall,
          chequers_hall_statues_y, corexii_hall_statues_deadend,
          minmay_misc_feat_square, uniq_ijyb

Skill      XL: |  1  2  3  4  5 |
---------------+----------------+-----
Spellcasting   | 5 |  5.3
Invocations    | 1 2 |  2.0
Short Blades   | 1 |  1.8
Axes           | 1 |  1.8
Maces & Flails | 1 |  1.8
Polearms       | 1 |  1.8
Staves         | 1 |  1.8
Slings         | 1 |  1.8
Bows           | 1 |  1.8
Crossbows      | 1 |  1.8
Stealth        | 1 |  1.8
Shields        | 1 |  1.8
Unarmed Combat | 1 |  1.8
Conjurations   | 1 |  1.4
Hexes          | 1 |  1.4
Summonings     | 1 |  1.4
Necromancy     | 1 |  1.4
Transmutations | 1 |  1.4
Fire Magic     | 1 |  1.4
Ice Magic      | 1 |  1.4
Air Magic      | 1 |  1.4
Earth Magic    | 1 |  1.4
Poison Magic   | 1 |  1.4
Evocations     | 1 |  1.8
Throwing       | 3 |  3.1
Armour         | 3 |  3.1
Fighting       | |  4.9
Long Blades    | |  4.9
Dodging        | |  4.9
Translocations | |  5.6

Action                   |  1- 3 |  4- 6 || total
-------------------------+-------+-------++-------
Melee: Dagger            |    80 |    90 ||   170
       Falchion          |     5 |       ||     5
       Bite              |     7 |    11 ||    18
       Unarmed           |       |     1 ||     1
 Stab: Sleeping          |     3 |     1 ||     4
Armor: Leather armour    |    24 |    22 ||    46
Dodge: Dodged            |    49 |    56 ||   105
       Rpst.: Falchion   |     1 |       ||     1

Table legend: (Time is in decaauts)
 A = Elapsed time spent in this place.
 B = Non-inter-level travel time spent in this place.
 C = Inter-level travel time spent in this place.
 D = Time resting spent in this place.
 E = Time spent auto-exploring this place.
 F = Levels seen in this place.
 G = Mean time per level.
                   A        B        C        D        E       F      G
               +--------+--------+--------+--------+--------+-----+--------+
         Total |   2572 |   2512 |     60 |    657 |   1495 |   3 |  857.3 |
       Dungeon |   2572 |   2512 |     60 |    657 |   1495 |   3 |  857.3 |
               +--------+--------+--------+--------+--------+-----+--------+

Top non-repeatable levels by time:
     D:2: 1310 daAuts
     D:1: 1109 daAuts
     D:3: 153 daAuts
